| TOP OF THE 1ST |
|
Pensacola Blue Wahoos batting - Pitching for Biloxi Shuckers : RHP Johnathan Starr
|
|
Pitching: RHP Johnathan Starr
|
|
|
Batting: LHB Ralph Braine
|
0-0: Swinging Strike 0-1: Foul Ball, location: 2F 0-2: Ball 1-2: Foul Ball, location: 2F 1-2: Strikes out looking
|
|
Batting: RHB Ryan Short
|
0-0: Ground out 6-3 (Groundball, 6, EV 82.5 MPH)
|
|
Batting: RHB Randy Grewe
|
0-0: Ball 1-0: Ground out 5-3 (Groundball, 15, EV 86.2 MPH)
|
| Top of the 1st over - 0 runs, 0 hits, 0 errors, 0 left on base; Pensacola 0 - Biloxi 0 |
| BOTTOM OF THE 1ST |
|
Biloxi Shuckers batting - Pitching for Pensacola Blue Wahoos : RHP Tony Ortiz
|
|
Pitching: RHP Tony Ortiz
|
|
|
Batting: SHB Aaron Neill
|
0-0: DOUBLE (Line Drive, 9LM, EV 93.1 MPH)
|
|
Batting: LHB Adam Hill
|
0-0: Ball 1-0: Ball 2-0: Ball 3-0: Called Strike 3-1: Ground out 6-3 (Groundball, 6S, EV 87.5 MPH)
|
|
Batting: SHB Justin Hensley
|
0-0: Foul Ball, location: 2F 0-1: Swinging Strike 0-2: Strikes out swinging
|
|
Batting: SHB Jerry Duffy
|
0-0: Ball 1-0: Ball 2-0: Foul Ball, location: 2F 2-1: Foul Ball, location: 2F 2-2: Strikes out swinging
|
| Bottom of the 1st over - 0 runs, 1 hit, 0 errors, 1 left on base; Pensacola 0 - Biloxi 0 |
| TOP OF THE 2ND |
|
Pensacola Blue Wahoos batting - Pitching for Biloxi Shuckers : RHP Johnathan Starr
|
|
Batting: RHB Andy Urquhart
|
0-0: Ball 1-0: Hit by Pitch
|
|
Batting: LHB John Wagner
|
0-0: Called Strike Andy Urquhart steals 2nd base 0-1: Fly out, F6 (Popup, 4M, EV 61.2 MPH)
|
|
Batting: RHB Dinand Brouwer
|
0-0: Called Strike 0-1: Foul Ball, location: 2F 0-2: Strikes out looking
|
|
Batting: RHB Luis Solorzano
|
0-0: Called Strike 0-1: Ball 1-1: Fly out, F9 (Flyball, 89S, EV 83.1 MPH)
|
| Top of the 2nd over - 0 runs, 0 hits, 0 errors, 1 left on base; Pensacola 0 - Biloxi 0 |
| BOTTOM OF THE 2ND |
|
Biloxi Shuckers batting - Pitching for Pensacola Blue Wahoos : RHP Tony Ortiz
|
|
Batting: RHB Josh Nelson
|
0-0: Ball 1-0: Ball 2-0: Ground out 5-3 (Groundball, 56, EV 87.5 MPH)
|
|
Batting: RHB Brian Landrum
|
0-0: Ball 1-0: Foul Ball, location: 2F 1-1: Ground out 5-3 (Groundball, 56S, EV 84.4 MPH)
|
|
Batting: LHB Rick Campbell
|
0-0: Called Strike 0-1: Ball 1-1: Called Strike 1-2: Fly out, F9 (Flyball, 9LM, EV 105.6 MPH)
|
| Bottom of the 2nd over - 0 runs, 0 hits, 0 errors, 0 left on base; Pensacola 0 - Biloxi 0 |
| TOP OF THE 3RD |
|
Pensacola Blue Wahoos batting - Pitching for Biloxi Shuckers : RHP Johnathan Starr
|
|
Batting: RHB David Stayton
|
0-0: Swinging Strike 0-1: Swinging Strike 0-2: Ground out 6-3 (Groundball, 6D, EV 83.1 MPH)
|
|
Batting: RHB Alex Velasquez
|
0-0: Called Strike 0-1: Called Strike 0-2: Ball 1-2: Strikes out swinging
|
|
Batting: LHB Ralph Braine
|
0-0: Ball 1-0: Fly out, F6 (Line Drive, 6, EV 66.9 MPH)
|
| Top of the 3rd over - 0 runs, 0 hits, 0 errors, 0 left on base; Pensacola 0 - Biloxi 0 |
| BOTTOM OF THE 3RD |
|
Biloxi Shuckers batting - Pitching for Pensacola Blue Wahoos : RHP Tony Ortiz
|
|
Batting: SHB Nick Chandler
|
0-0: SINGLE (Groundball, 15S, EV 75.0 MPH) (infield hit)
|
|
Batting: RHB Leo Serrano
|
0-0: Called Strike 0-1: Fly out, F8 (Flyball, 8LS, EV 93.1 MPH)
|
|
Batting: SHB Aaron Neill
|
0-0: Ball 1-0: DOUBLE (Groundball, 3L, EV 103.1 MPH) Nick Chandler to third
|
|
Batting: LHB Adam Hill
|
0-0: Called Strike 0-1: Ball 1-1: Ball 2-1: Foul Ball, location: 2F 2-2: Foul Ball, location: 2F 2-2: Ball 3-2: Strikes out looking
|
|
Batting: SHB Justin Hensley
|
0-0: Ball 1-0: Called Strike 1-1: Ground out U3 (Groundball, 34S, EV 66.9 MPH)
|
| Bottom of the 3rd over - 0 runs, 2 hits, 0 errors, 2 left on base; Pensacola 0 - Biloxi 0 |
| TOP OF THE 4TH |
|
Pensacola Blue Wahoos batting - Pitching for Biloxi Shuckers : RHP Johnathan Starr
|
|
Batting: RHB Ryan Short
|
0-0: Called Strike 0-1: Foul Ball, location: 2F 0-2: Strikes out swinging
|
|
Batting: RHB Randy Grewe
|
0-0: Ball 1-0: Called Strike 1-1: Foul Ball, location: 2F 1-2: Fly out, F9 (Line Drive, 89M, EV 85.0 MPH)
|
|
Batting: RHB Andy Urquhart
|
0-0: Foul Ball, location: 2F 0-1: Ball 1-1: Ball 2-1: Ball 3-1: Base on Balls
|
|
Batting: LHB John Wagner
|
0-0: Ball 1-0: Called Strike 1-1: Foul Ball, location: 2F 1-2: Ball 2-2: Foul Ball, location: 2F 2-2: Ground out 1-3 (Groundball, 13, EV 66.9 MPH)
|
| Top of the 4th over - 0 runs, 0 hits, 0 errors, 1 left on base; Pensacola 0 - Biloxi 0 |
| BOTTOM OF THE 4TH |
|
Biloxi Shuckers batting - Pitching for Pensacola Blue Wahoos : RHP Tony Ortiz
|
|
Batting: SHB Jerry Duffy
|
0-0: Called Strike 0-1: SINGLE (Groundball, 34D, EV 95.0 MPH)
|
|
Batting: RHB Josh Nelson
|
0-0: Called Strike 0-1: SINGLE (Groundball, 56D, EV 100.0 MPH) Jerry Duffy to second
|
|
Batting: RHB Brian Landrum
|
0-0: Called Strike 0-1: Fly out, F8 (Line Drive, 8LD, EV 93.1 MPH)
|
|
Batting: LHB Rick Campbell
|
0-0: Foul Ball, location: 2F 0-1: Ball 1-1: Ball 2-1: Called Strike 2-2: Strikes out swinging
|
|
Batting: SHB Nick Chandler
|
0-0: Called Strike 0-1: Foul Ball, location: 2F 0-2: Ball 1-2: SINGLE (Flyball, 3D, EV 91.9 MPH) Jerry Duffy to third Josh Nelson to second Runner from 3rd tries for Home, SAFE, throw by RF to home
|
|
Batting: RHB Leo Serrano
|
0-0: Ball 1-0: Ground out 4-3 (Groundball, 4, EV 79.4 MPH)
|
| Bottom of the 4th over - 1 run, 3 hits, 0 errors, 2 left on base; Pensacola 0 - Biloxi 1 |
| TOP OF THE 5TH |
|
Pensacola Blue Wahoos batting - Pitching for Biloxi Shuckers : RHP Johnathan Starr
|
|
Batting: RHB Dinand Brouwer
|
0-0: Ground out 6-3 (Groundball, 4MS, EV 65.0 MPH)
|
|
Batting: RHB Luis Solorzano
|
0-0: Ball 1-0: Ball 2-0: Ball 3-0: Called Strike 3-1: Base on Balls
|
|
Batting: RHB David Stayton
|
0-0: Called Strike 0-1: Ball 1-1: Foul Ball, location: 2F 1-2: Ball 2-2: Grounds into double play, 4-6-3 (Groundball, 4M, EV 83.8 MPH)
|
| Top of the 5th over - 0 runs, 0 hits, 0 errors, 0 left on base; Pensacola 0 - Biloxi 1 |
| BOTTOM OF THE 5TH |
|
Biloxi Shuckers batting - Pitching for Pensacola Blue Wahoos : RHP Tony Ortiz
|
|
Batting: SHB Aaron Neill
|
0-0: Called Strike 0-1: Called Strike 0-2: Ball 1-2: Strikes out swinging
|
|
Batting: LHB Adam Hill
|
0-0: Ball 1-0: Foul Ball, location: 2F 1-1: Foul Ball, location: 2F 1-2: Strikes out looking
|
|
Batting: SHB Justin Hensley
|
0-0: Called Strike 0-1: Foul Ball, location: 2F 0-2: Ground out 4-3 (Groundball, 4, EV 100.6 MPH)
|
| Bottom of the 5th over - 0 runs, 0 hits, 0 errors, 0 left on base; Pensacola 0 - Biloxi 1 |
| TOP OF THE 6TH |
|
Pensacola Blue Wahoos batting - Pitching for Biloxi Shuckers : RHP Johnathan Starr
|
|
Batting: RHB Alex Velasquez
|
0-0: Ground out U3 (Groundball, 34, EV 80.0 MPH)
|
|
Batting: LHB Ralph Braine
|
0-0: Ball 1-0: Foul Ball, location: 2F 1-1: Ball 2-1: Ball 3-1: Base on Balls
|
|
Batting: RHB Ryan Short
|
0-0: Foul Ball, location: 2F 0-1: Called Strike Ralph Braine steals 2nd, throwing error, E2 Ralph Braine to third 0-2: SINGLE (Line Drive, 89M, EV 92.5 MPH) Ralph Braine scores
|
|
Batting: RHB Randy Grewe
|
0-0: Ball 1-0: SINGLE (Groundball, 4M, EV 98.8 MPH) (infield hit) Ryan Short to second
|
|
Batting: RHB Andy Urquhart
|
0-0: Foul Ball, location: 2F 0-1: Reached on error, E5 (Groundball, 56, EV 86.9 MPH) Ryan Short to third Randy Grewe to second
|
|
Batting: LHB John Wagner
|
0-0: Ball 1-0: DOUBLE (Line Drive, 7LM, EV 87.5 MPH) Ryan Short scores Randy Grewe scores Andy Urquhart to third
|
|
Batting: RHB Dinand Brouwer
|
0-0: Ball 1-0: Foul Ball, location: 2F 1-1: Called Strike 1-2: Strikes out looking
|
|
Batting: RHB Luis Solorzano
|
0-0: Called Strike 0-1: Ball 1-1: Ball 2-1: Ball 3-1: Ground out 4-3 (Groundball, 4M, EV 105.0 MPH)
|
| Top of the 6th over - 3 runs, 3 hits, 2 errors, 2 left on base; Pensacola 3 - Biloxi 1 |
| BOTTOM OF THE 6TH |
|
Biloxi Shuckers batting - Pitching for Pensacola Blue Wahoos : RHP Tony Ortiz
|
|
Batting: SHB Jerry Duffy
|
0-0: Foul Ball, location: 2F 0-1: Fly out, F8 (Line Drive, 8LD, EV 91.9 MPH)
|
|
Batting: RHB Josh Nelson
|
0-0: Ball 1-0: Ball 2-0: Called Strike 2-1: Fly out, F6 (Line Drive, 6, EV 65.6 MPH)
|
|
Batting: RHB Brian Landrum
|
0-0: Called Strike 0-1: Foul Ball, location: 2F 0-2: Ball 1-2: Ball 2-2: Foul Ball, location: 2F 2-2: Ground out 5-3 (Groundball, 56S, EV 78.8 MPH)
|
| Bottom of the 6th over - 0 runs, 0 hits, 0 errors, 0 left on base; Pensacola 3 - Biloxi 1 |
| TOP OF THE 7TH |
|
Pensacola Blue Wahoos batting - Pitching for Biloxi Shuckers : RHP Johnathan Starr
|
|
Batting: RHB David Stayton
|
0-0: Called Strike 0-1: SINGLE (Groundball, 56S, EV 68.8 MPH) (infield hit)
|
|
Batting: RHB Alex Velasquez
|
0-0: Foul Ball, location: 2F 0-1: Ball 1-1: Foul Ball, location: 2F 1-2: Grounds out, U3 (Groundball, 3L, EV 83.8 MPH)
|
|
Batting: LHB Ralph Braine
|
0-0: Intentional Walk
|
|
Batting: RHB Ryan Short
|
0-0: Called Strike 0-1: Ball 1-1: Fly out, F5 (Popup, 25, EV 81.9 MPH)
|
|
Batting: RHB Randy Grewe
|
0-0: Foul Ball, location: 2F 0-1: Hit by Pitch David Stayton to third Ralph Braine to second
|
|
Batting: RHB Andy Urquhart
|
0-0: Ball 1-0: Ball 2-0: Ball 3-0: Base on Balls David Stayton scores Ralph Braine to third Randy Grewe to second
|
|
Pitching: RHP Josh Pelletier
|
|
|
Batting: LHB John Wagner
|
0-0: Swinging Strike 0-1: Ball 1-1: Called Strike 1-2: Foul Ball, location: 2F 1-2: Ball 2-2: Foul Ball, location: 2F 2-2: Strikes out swinging
|
| Top of the 7th over - 1 run, 1 hit, 0 errors, 3 left on base; Pensacola 4 - Biloxi 1 |
| BOTTOM OF THE 7TH |
|
Biloxi Shuckers batting - Pitching for Pensacola Blue Wahoos : RHP Tony Ortiz
|
|
Batting: LHB Rick Campbell
|
0-0: Called Strike 0-1: Ball 1-1: Called Strike 1-2: Ball 2-2: Ball 3-2: Foul Ball, location: 2F 3-2: Foul Ball, location: 2F 3-2: Strikes out swinging
|
|
Batting: SHB Nick Chandler
|
0-0: Fly out, F5 (Popup, 56S, EV 63.1 MPH)
|
|
Batting: RHB Leo Serrano
|
0-0: Ball 1-0: Swinging Strike 1-1: Foul Ball, location: 2F 1-2: Fly out, F2 (Popup, 2LF, EV 86.9 MPH)
|
| Bottom of the 7th over - 0 runs, 0 hits, 0 errors, 0 left on base; Pensacola 4 - Biloxi 1 |
| TOP OF THE 8TH |
|
Pensacola Blue Wahoos batting - Pitching for Biloxi Shuckers : RHP Josh Pelletier
|
|
Batting: RHB Dinand Brouwer
|
0-0: Called Strike 0-1: Ball 1-1: Fly out, F8 (Flyball, 8LD, EV 95.6 MPH)
|
|
Batting: RHB Luis Solorzano
|
0-0: Called Strike 0-1: DOUBLE (Flyball, 8RXD, EV 96.2 MPH)
|
|
Pinch Runner at 2nd Solange Le Coq:
|
|
|
Batting: RHB David Stayton
|
0-0: Called Strike 0-1: Called Strike 0-2: Fly out, F8 (Flyball, 8RD, EV 108.8 MPH)
|
|
Batting: RHB Alex Velasquez
|
0-0: Ball 1-0: DOUBLE (Line Drive, 9LM, EV 110.6 MPH) Solange Le Coq scores
|
|
Batting: LHB Ralph Braine
|
0-0: Intentional Walk
|
|
Batting: RHB Ryan Short
|
0-0: SINGLE (Groundball, 56D, EV 98.8 MPH) (infield hit) Alex Velasquez to third Ralph Braine to second
|
|
Batting: RHB Randy Grewe
|
0-0: Swinging Strike 0-1: Swinging Strike 0-2: Ball 1-2: Foul Ball, location: 2F 1-2: Fielders Choice at 2nd, 5-4 (Groundball, 56, EV 82.5 MPH)
|
| Top of the 8th over - 1 run, 3 hits, 0 errors, 3 left on base; Pensacola 5 - Biloxi 1 |
| BOTTOM OF THE 8TH |
|
Biloxi Shuckers batting - Pitching for Pensacola Blue Wahoos : RHP Tony Ortiz
|
|
Now at 1B: Andy Urquhart
|
|
|
Now at 3B: Dinand Brouwer
|
|
|
Now in CF: Solange Le Coq
|
|
|
Now in RF: Ralph Braine
|
|
|
Batting: SHB Aaron Neill
|
0-0: SINGLE (Groundball, 56S, EV 66.2 MPH) (infield hit)
|
|
Batting: LHB Adam Hill
|
0-0: Ball 1-0: Ball 2-0: Called Strike 2-1: Swinging Strike 2-2: SINGLE (Groundball, 34D, EV 110.6 MPH) Aaron Neill to second Runner from 2nd tries for 3rd, OUT! 9-5
|
|
Pitching: RHP Damian Molina
|
|
|
Batting: SHB Justin Hensley
|
0-0: Ball 1-0: Called Strike 1-1: Ball 2-1: Swinging Strike 2-2: Ball 3-2: Grounds into double play, 4-6-3 (Groundball, 4, EV 80.0 MPH)
|
| Bottom of the 8th over - 0 runs, 2 hits, 0 errors, 0 left on base; Pensacola 5 - Biloxi 1 |
| TOP OF THE 9TH |
|
Pensacola Blue Wahoos batting - Pitching for Biloxi Shuckers : RHP Josh Pelletier
|
|
Batting: RHB Andy Urquhart
|
0-0: Called Strike 0-1: Swinging Strike 0-2: Ball 1-2: SINGLE (Groundball, 6M, EV 101.2 MPH) (infield hit)
|
|
Batting: LHB John Wagner
|
0-0: Ball 1-0: Called Strike 1-1: Foul Ball, location: 2F 1-2: Foul Ball, location: 2F 1-2: Grounds into double play, 4-6-3 (Groundball, 4, EV 105.0 MPH)
|
|
Batting: RHB Dinand Brouwer
|
0-0: Ball 1-0: Ball 2-0: Ground out 6-3 (Groundball, 6M, EV 84.4 MPH)
|
| Top of the 9th over - 0 runs, 1 hit, 0 errors, 0 left on base; Pensacola 5 - Biloxi 1 |
| BOTTOM OF THE 9TH |
|
Biloxi Shuckers batting - Pitching for Pensacola Blue Wahoos : RHP Damian Molina
|
|
Batting: SHB Jerry Duffy
|
0-0: Ball 1-0: Called Strike 1-1: Ball 2-1: Ground out 5-3 (Groundball, 56, EV 102.5 MPH)
|
|
Batting: RHB Josh Nelson
|
0-0: Called Strike 0-1: Foul Ball, location: 2F 0-2: Strikes out swinging
|
|
Batting: RHB Brian Landrum
|
0-0: Foul Ball, location: 2F 0-1: Ground out 4-3 (Groundball, 4, EV 79.4 MPH)
|
| Bottom of the 9th over - 0 runs, 0 hits, 0 errors, 0 left on base; Pensacola 5 - Biloxi 1 |
|